[Event "Icelandic Chess-ch 2023"]
[Site "Hafnarfjordur"]
[Date "2023.05.24"]
[Round "10.4"]
[White "Thorfinnsson, Bragi"]
[Black "Stefansson, Vignir Vatnar"]
[Result "0-1"]
[ECO "D12"]
[WhiteElo "2431"]
[BlackElo "2470"]
[Annotator "TA"]
[PlyCount "138"]
[EventDate "2023.05.13"]
[EventType "tourn"]
[EventCountry "ISL"]
[SourceTitle "playchess.com"]
[Source "ChessBase"]
[SourceQuality "1"]
[TimeControl "40/5400+30:1800+30"]

1. d4 d5 2. Nf3 Nf6 3. e3 Bf5 4. c4 c6 5. Nc3 e6 6. Nh4 Be4 7. f3 Bg6 8. Qb3 Qb6 9. Nxg6 hxg6 10. g3 {[%emt 0:06:21] D12: Slav Defence: 3 Nf3 Nf6 4 e3 Bf5.} Nbd7 {[%emt 0:01:02][%cal Bb8d7,Bd7f8,Bf8e6][%mdl 32] 10...Bd6 is vanishing.} 11. Bd2 Be7 12. cxd5 {[%emt 0:15:42] The position is equal.} exd5 {[%emt 0:07:57] [#]} 13. Rc1 $146 ({Predecessor:} 13. Kf2 g5 14. Be2 Nf8 15. Qxb6 axb6 16. Kg2 Ne6 17. h3 g6 18. Rhd1 b5 19. a4 b4 20. Na2 Rxa4 21. Rdc1 O-O 22. Bd1 Ra7 23. Nxb4 {½-½ Brunsek,I (2595)-Vassia,E (2611) W-ch25 final email 2009}) 13... Qxb3 14. axb3 Bb4 15. Bd3 Nf8 16. Na4 Bxd2+ 17. Kxd2 Ne6 18. b4 a6 19. Ke2 g5 20. h3 g6 21. Kf2 Ke7 22. Kg2 Nd7 23. Rhe1 Kd6 24. Nc5 Ndxc5 25. bxc5+ Ke7 26. Ra1 Rad8 27. Ra4 Kd7 28. Rb4 Kc7 29. Ra1 f5 30. f4 Rde8 31. Rh1 gxf4 32. exf4 Ng7 (32... a5 $5 33. Ra4 Rb8 34. Rxa5 Nxd4 $11) 33. Ra1 Nh5 {[%emt 0:04:58] Hoping for ...Re3.} 34. Ra3 Nf6 35. Rab3 Rb8 36. Bb1 Rhe8 {[%emt 0:02:06] And now ...Re2+ would win.} 37. Kf2 {[%emt 0:00:13] Repels Re2+} Rh8 {[%emt 0:10:48] Strongly threatening ...a5.} 38. Kg2 a5 39. Ra4 b6 40. cxb6+ Rxb6 41. Rxb6 Kxb6 $11 {[%emt 0:30:05][%mdl 4096] Endgame KRB-KRN} 42. b4 axb4 43. Rxb4+ Kc7 44. Rb2 Rg8 45. Kf3 Rh8 46. Kg2 Nh5 47. Bd3 Ra8 48. Kf3 Ra4 49. Ke3 (49. g4 $5 fxg4+ 50. hxg4 $11) 49... Ra3 50. Rg2 Kd7 51. Rb2 Nxg3 52. Rb7+ $1 Kc8 53. Rh7 (53. Rg7 $15) 53... Nh5 ({Better is} 53... Ne4 $19 {Threatens to win with ...c5.} 54. Rh8+ Kd7 55. Rh7+ Ke6) 54. h4 $1 $15 Kb8 55. Rf7 $2 {[%emt 0:00:53][%mdl 8192] [#] This move loses the game for White.} ({White must play} 55. Rd7 $1 $15) 55... Ra7 $1 $19 56. Rf8+ Kc7 57. Rg8 $2 (57. Rf7+ {is a better defense.} Kb6 58. Rxa7 Kxa7 59. Bf1) 57... Ra3 58. Rf8 {[%emt 0:00:24] [#]} (58. Rh8 $142 Nxf4 {[%mdl 64] Deflection} 59. Kxf4 Rxd3 60. Ke5) 58... Nxf4 $1 {[%emt 0:02:04][%mdl 576] Deflection} 59. Kxf4 Rxd3 {[%emt 0:00:04] KR-KR} 60. Rf7+ Kb6 61. Ke5 Re3+ 62. Kd6 Kb5 63. h5 gxh5 {[%emt 0:00:12][%cal Bg6h5,Bh5h4][%mdl 32] ...h4 would be deadly.} 64. Rxf5 h4 65. Rh5 Re4 66. Rh8 Rxd4 67. Rb8+ Kc4 {[%emt 0:00:03] ( -> ...Re4)} 68. Kxc6 Rg4 69. Ra8 Rg6+ {[%emt 0:00:06] Weighted Error Value: White=0.39/Black=0.08 (flawless)} 0-1

[Event "Icelandic Chess-ch 2023"]
[Site "Hafnarfjordur"]
[Date "2023.05.24"]
[Round "10.5"]
[White "Stefansson, Hannes"]
[Black "Hjartarson, Johann"]
[Result "0-1"]
[ECO "C78"]
[WhiteElo "2521"]
[BlackElo "2466"]
[Annotator "TA"]
[PlyCount "64"]
[EventDate "2023.05.13"]
[EventType "tourn"]
[EventCountry "ISL"]
[SourceTitle "playchess.com"]
[Source "ChessBase"]
[SourceQuality "1"]
[TimeControl "40/5400+30:1800+30"]

1. e4 e5 2. Nf3 Nc6 3. Bb5 a6 4. Ba4 Nf6 5. O-O Bc5 6. c3 O-O 7. d4 Ba7 8. Re1 {[%emt 0:01:25] C78: Ruy Lopez: Archangelsk and Möller Defences.} d6 9. h3 b5 10. Bc2 {[%emt 0:00:41] White has an edge.} Re8 11. Be3 Bb7 12. Nbd2 h6 13. a3 exd4 14. cxd4 {[%emt 0:00:41] [#]} Ne7 $146 ({Predecessor:} 14... Na5 15. Bf4 Nc4 16. Nxc4 bxc4 17. d5 c6 18. dxc6 Bxc6 19. e5 dxe5 20. Nxe5 Bd5 {1-0 Forgacs,A (2148)-Toth,N (1937) Hello Sakk Cup Capablanca rapid 2021 (3)}) 15. b4 Ng6 16. Qb1 Nh5 17. Bd3 Nhf4 18. Bf1 Qd7 19. Kh2 c5 20. g3 Ne6 21. d5 ({But not} 21. bxc5 $6 dxc5 22. d5 Nd4 $11) 21... Nd4 {[%emt 0:03:18] [#]} 22. Bxd4 (22. a4 $1 $16) 22... cxd4 $11 23. Nb3 (23. a4 {keeps more tension.} bxa4 24. Qc2 d3 25. Qxa4 Qxa4 26. Rxa4 Bxf2 27. Rea1) 23... Qe7 24. Qb2 (24. a4 $5 ) 24... Qf6 25. Nfxd4 (25. Nbxd4 $5 Rac8 26. Rad1 $14) 25... Ne5 $36 {[%emt 0:00:49][%cal Bg6e5,Be5c4,Bc4a3][%mdl 2080] And now ...Nf3+ would win. Black is more active.} 26. Qe2 {[%emt 0:16:11] Prevents Nf3+} (26. Re2 $11) 26... Nc4 $17 27. Rad1 Bxd5 {[%emt 0:00:30][%mdl 64] [#] Pin} 28. f3 ({White should try} 28. Bg2) 28... Nxa3 {[%emt 0:02:12] White must now prevent ...Rac8. Black is more active.} 29. Bg2 (29. Qb2 $142 Bxb3 30. Qxb3) 29... Rac8 $19 30. Qa2 Bxd4 {[%emt 0:05:44][%mdl 64] Pin} 31. exd5 $2 {[%emt 0:00:10] White is weak on the dark squares} (31. Qxa3 Bb2 32. Qa2) 31... Rxe1 32. Rxe1 Rc2 {[%emt 0:01:27] Weighted Error Value: White=0.42/Black=0.09 (flawless)} 0-1

[Event "Icelandic Chess-ch 2023"]
[Site "Hafnarfjordur"]
[Date "2023.05.24"]
[Round "10.6"]
[White "Heimisson, Hilmir Freyr"]
[Black "Gretarsson, Hjorvar Steinn"]
[Result "1/2-1/2"]
[ECO "C47"]
[WhiteElo "2353"]
[BlackElo "2539"]
[Annotator "TA"]
[PlyCount "173"]
[EventDate "2023.05.13"]
[EventType "tourn"]
[EventCountry "ISL"]
[SourceTitle "playchess.com"]
[Source "ChessBase"]
[SourceQuality "1"]
[TimeControl "40/5400+30:1800+30"]

1. e4 e5 2. Nf3 Nc6 3. Nc3 Nf6 4. a3 g6 5. Bc4 Bg7 6. d3 {[%emt 0:00:27] C47: Scotch Four Knights and Four Knights with 4 g3.} d6 7. h3 Be6 8. Ng5 Bxc4 9. dxc4 {[%emt 0:00:09] [#]} Nd4 $146 ({Predecessor:} 9... h6 10. Nf3 Qd7 11. Be3 O-O 12. Qd2 Kh7 13. g4 Ng8 14. O-O-O a6 15. c5 Rfd8 {1-0 Radovanovic,N (2426)-Meier,V (2239) Landesliga Sued 1819 2018 (6.2)}) 10. Nf3 Ne6 11. Qe2 O-O 12. Be3 a6 13. O-O-O Qe8 14. h4 h5 15. Ng5 Nd4 16. Bxd4 exd4 17. Nd5 Nxd5 18. cxd5 Qe5 19. g3 c6 20. f4 Qf6 21. Qf3 Rac8 (21... cxd5 $11 22. exd5 Rae8) 22. Rd3 {[%emt 0:12:19] White is more active.} (22. dxc6 $1 $16 bxc6 23. g4) 22... c5 (22... cxd5 $15 23. Rh2 Rfe8) 23. Rhd1 (23. g4 $1 $16) 23... Qd8 $1 $11 24. g4 c4 25. Rxd4 Bxd4 (25... hxg4 $5 26. Qxg4 c3 $17) 26. Rxd4 c3 27. gxh5 $16 cxb2+ 28. Kxb2 Qb6+ 29. Rb4 Qg1 {[%emt 0:08:06] [#]} (29... Qc5 $16 30. Qd3 a5) 30. Qd3 $1 $18 a5 (30... gxh5 $2 31. e5 $18 (31. Rxb7 Rb8 $11) (31. Rxb7 Rb8 $11)) 31. Rb3 {[%emt 0:01:33] hxg6 would be deadly.} Qg4 (31... a4 $142 32. Rb4 Qg4) 32. hxg6 (32. Rxb7 Rb8 33. Rxb8 Rxb8+ 34. Kc3 Rc8+ 35. Kb2 (35. Kb3 a4+ 36. Kb2 Qxf4 $19) 35... Rb8+ 36. Kc3 Rc8+ 37. Kb2 (37. Kb3 Rb8+ 38. Kc3 $17) 37... Rb8+ $17) 32... fxg6 33. Ne6 (33. Rxb7 Qxf4 $16) 33... Rf7 34. Rc3 Re8 35. Qg3 Qxg3 36. Rxg3 Rxe6 $2 (36... Rf6 {was called for.} 37. h5 (37. e5 dxe5 38. fxe5 Rfxe6 $16) 37... Kh7) 37. dxe6 Rxf4 {[%emt 0:00:04] [#]} 38. Rxg6+ $2 {[%emt 0:02:43][%mdl 4096] Endgame KR-KR} (38. e5 $1 $18 {[%cal Re5d6] is the precise move to win.} dxe5 39. h5 (39. Rxg6+ Kf8 $16)) 38... Kf8 $16 39. h5 Rxe4 40. h6 (40. Rg5 $16) 40... Rh4 $11 41. Kc3 Ke7 42. Kd3 b5 43. Ke3 b4 44. a4 Rh2 45. Kd3 Rh4 46. Kd2 Rh2+ 47. Kc1 Rh4 48. Kb1 Rh2 49. Kb2 Rh3 50. Ka2 Rh5 51. Kb3 d5 52. Ka2 Rh3 53. Kb2 (53. Rg7+ {simplifies} Kxe6 54. Ra7 Ke5 55. Rxa5 Rxh6 56. Rb5) 53... Rh1 54. Ka2 (54. Rg7+ {simplifies} Kxe6 55. Ra7 Ke5 56. Rxa5 Rxh6 57. Rb5) 54... Rh3 55. Kb2 Rh1 56. Rg7+ Kxe6 57. Ra7 Ke5 58. Rxa5 {[%emt 0:00:19] Threatens to win with Ra6.} Rxh6 59. Kb3 Kd4 (59... Rh3+ $11 60. Kxb4 Rh4+ 61. Ka3 Rh3+ 62. Kb4 Rh4+ 63. Kc3 Rh3+ 64. Kb2 Kd4) 60. Kxb4 ({White should play} 60. Rb5 $1 $14) 60... Rc6 {[%emt 0:00:45] The position is equal.} 61. Kb3 Rc3+ 62. Kb2 {[%emt 0:00:01][%cal Oa5d5] Threatening mate with Rxd5+!} Rc4 63. Ra8 Kc5 64. Kb3 {[%emt 0:01:03] Rc8+ would kill now.} Rb4+ 65. Ka3 {[%emt 0:00:01] White threatens Rc8+ and mate.} Rh4 66. Rb8 Rh1 67. Rb5+ Kc4 68. Kb2 d4 69. Rb8 Rh2 70. Rd8 Rh7 71. Rb8 Rh2 72. Rb3 Rh5 73. Rd3 Rg5 74. Rb3 Rh5 75. Rb7 Rg5 76. Ra7 Rg2 77. Rd7 Rg5 78. Rc7+ Kb4 79. Ra7 Rh5 80. Kc1 Kc3 81. Rc7+ Kb4 82. Kd2 Kxa4 83. Rb7 Rc5 84. Rb3 Rb5 85. Kd3 Rxb3+ 86. cxb3+ Kxb3 87. Kxd4 {[%emt 0:00:02] White really could win this.   Weighted Error Value: White=0.20 (precise) /Black=0.24 (precise)} 1/2-1/2

[Event "Icelandic Chess-ch 2023"]
[Site "Hafnarfjordur"]
[Date "2023.05.25"]
[Round "11.1"]
[White "Gretarsson, Hjorvar Steinn"]
[Black "Ptacnikova, Lenka"]
[Result "1-0"]
[ECO "B39"]
[WhiteElo "2539"]
[BlackElo "2099"]
[Annotator "TA"]
[PlyCount "89"]
[EventDate "2023.05.13"]
[EventType "tourn"]
[EventCountry "ISL"]
[SourceTitle "playchess.com"]
[Source "ChessBase"]
[SourceQuality "1"]
[TimeControl "40/5400+30:1800+30"]

1. Nf3 c5 2. c4 g6 3. e4 Bg7 4. d4 cxd4 5. Nxd4 Nc6 6. Be3 Nf6 7. Nc3 Ng4 8. Qxg4 Nxd4 9. Qd1 Ne6 10. Qd2 O-O 11. Rc1 {[%emt 0:03:13] B39: Sicilian: Maroczy Bind with 5...Bg7 and 7...Ng4.} d6 12. Be2 Nc5 13. f3 {[%emt 0:00:23] White is slightly better.} a5 14. b3 {[%emt 0:02:29] [#]} f5 $146 ({Predecessor:} 14... Bd7 15. O-O Bc6 16. Rc2 e6 17. Rd1 Be5 18. Bf1 Qh4 19. g3 Qe7 20. Bg2 Rfd8 {1-0 Bachmann,A (2653)-Williams,J (2382) New York Int op 10th 2017 (3)}) 15. exf5 gxf5 16. O-O Kh8 17. Rfd1 {[%emt 0:04:20] And now Bxc5 would win.} Be6 (17... b6 $142) 18. f4 b6 19. Bf3 Rb8 20. Bd4 Rg8 21. Re1 {[%emt 0:00:48] White is more active.} Bxd4+ 22. Qxd4+ Rg7 23. Rc2 Bg8 24. Rce2 ({Better is} 24. Nd5 $18) 24... e5 $14 25. fxe5 dxe5 26. Qxd8 Rxd8 27. Bd5 ({Don't play} 27. Rxe5 Nd3 28. Kf1 Nxe5 29. Rxe5 Rd2 $11) 27... Nd3 {[%emt 0:11:49] aiming for ...Bxd5.} 28. Rf1 $1 Rg5 {[%emt 0:15:50] [#]} 29. g3 (29. Bxg8 $1 $16 Kxg8 30. Nd5) 29... Bxd5 30. Nxd5 f4 {[%emt 0:04:35] Repels Re3} 31. Rf3 Nc5 32. Nxb6 ({White should try} 32. h4 $14 e4 33. hxg5 (33. Rxf4 Rxg3+ 34. Kh2 Rg6 $16) 33... exf3 34. Rf2 fxg3 35. Rxf3) 32... Ne6 $11 {[%emt 0:01:03] Threatens to win with ...Nd4.} 33. Re1 Nd4 34. Rc3 fxg3 35. hxg3 Rf8 {[%emt 0:03:17] Hoping for ...Rf3.} 36. Kg2 {[%emt 0:01:43] Inhibits Rf3.} Rgf5 37. Nd7 $1 $36 {[%emt 0:01:58][%csl LRe5,LRf8][%mdl 2048] White is pushing.} Rf2+ 38. Kh3 $1 Nf3 $2 {[%emt 0:03:36] This move loses the game for Black.} (38... R8f3 $1 $14 39. Rce3 Rxa2) 39. Nxf8 $18 Nxe1 {[%emt 0:00:05][%mdl 4096] Endgame KRN-KRN} 40. Ne6 {[%emt 0:02:37] c5 is the strong threat.} Nf3 {[%emt 0:01:42] [#]} 41. Kg4 Nh2+ $2 (41... Kg8 42. Kf5 (42. Rxf3 h5+ 43. Kxh5 Rxf3 $11) 42... Kf7) 42. Kg5 {[%emt 0:01:02] Strongly threatening c5.} h6+ $2 (42... Kg8 43. c5 Kf7) 43. Kg6 {[%emt 0:06:19] White wants to mate with Rd3. White is clearly winning.} ({Weaker is} 43. Kxh6 Rf6+ 44. Kg5 Rxe6 $16) 43... Ng4 44. c5 {[%emt 0:09:28] Black must now prevent c6.} Rf6+ 45. Kh5 {[%emt 0:00:00] Weighted Error Value: White=0.11 (very precise) /Black=0.34} 1-0

[Event "Icelandic Chess-ch 2023"]
[Site "Hafnarfjordur"]
[Date "2023.05.25"]
[Round "11.2"]
[White "Stefansson, Vignir Vatnar"]
[Black "Stefansson, Hannes"]
[Result "1/2-1/2"]
[ECO "E05"]
[WhiteElo "2470"]
[BlackElo "2521"]
[Annotator "TA"]
[PlyCount "102"]
[EventDate "2023.05.13"]
[EventType "tourn"]
[EventCountry "ISL"]
[SourceTitle "playchess.com"]
[Source "ChessBase"]
[SourceQuality "1"]
[TimeControl "40/5400+30:1800+30"]

1. d4 Nf6 2. c4 e6 3. g3 d5 4. Bg2 Be7 5. Nf3 O-O 6. O-O dxc4 7. Qc2 b5 8. a4 {[%emt 0:00:08] E05: Open Catalan: 5 Nf3 Be7.} Bb7 {[%emt 0:00:23] is cutting edge theory.} 9. axb5 a6 10. bxa6 {[%emt 0:02:52] The position is equal.} (10. Qxc4 $2 axb5 11. Qxb5 Bc6 12. Rxa8 Bxb5 $19) 10... Nxa6 11. Qxc4 Bd5 12. Qd3 Nb4 13. Rxa8 Qxa8 14. Qd1 Na2 15. Nc3 Nxc3 16. bxc3 c5 {[%emt 0:04:29] [#]} 17. Be3 $146 ({Predecessor:} 17. Bg5 Rc8 18. Qa1 h6 19. Bxf6 Bxf6 20. Qxa8 Bxa8 21. e3 cxd4 22. cxd4 Bxf3 23. Bxf3 {½-½ Dubov,D (2702)-Nakamura,H (2768) Titled Tuesday intern op 06th Sep Early blitz 2022 (11)}) 17... Rc8 18. dxc5 Ng4 (18... Bxc5 $11 {remains equal.} 19. Bxc5 Rxc5) 19. Bd4 $16 e5 (19... Bxc5 $142 20. c4 Bxd4 21. cxd5 (21. Qxd4 Rxc4 22. Ra1 Qb8 $11) 21... Bxf2+ 22. Rxf2 Nxf2 23. Kxf2 Qxd5 24. Qxd5 exd5) 20. Bh3 (20. Bxe5 $2 {perishes.} Nxe5 21. Nh4 Rxc5 $19) 20... Bxf3 21. exf3 exd4 22. Bxg4 ({Much less strong is} 22. fxg4 dxc3 23. Bg2 Qa5 $14) (22. cxd4 $16 Rd8 23. fxg4 (23. Bxg4 Bxc5 24. Qe2 Bxd4 $16) 23... Bxc5 24. Bg2) 22... Rxc5 ({Better is} 22... Rd8 $1 $14) 23. Qxd4 h5 24. Bh3 (24. Re1 {is more complex.} hxg4 25. Rxe7 Qa1+ 26. Kg2) 24... Qc6 25. Rb1 Rxc3 $2 (25... Qxf3 $16 26. Bg2 Qf6) 26. Rb8+ $18 Bf8 27. Rc8 Qxc8 28. Bxc8 Rxc8 {[%emt 0:00:05][%mdl 4096] Endgame KQ-KRB} 29. f4 Rc5 30. Qd8 g6 31. Kg2 Rb5 32. h4 Rc5 33. f3 Rc2+ 34. Kh3 Rc3 35. Qa8 Rc5 36. g4 Kg7 $2 (36... Rc3 {was worth a try.} 37. gxh5 gxh5) 37. Qa1+ Kg8 38. Qd4 Ra5 39. Qd8 (39. Qd2 $142 hxg4+ 40. fxg4) 39... Rc5 (39... hxg4+ $142 40. fxg4 Ra3+ 41. Kh2 Ra2+ 42. Kh3 Ra3+ 43. Kg2 Ra2+ 44. Kg3 Ra3+ 45. Kf2 Ra2+ 46. Ke3 Ra3+ 47. Ke2 Ra2+ 48. Kd3 Ra3+ 49. Kc2 Ra2+ 50. Kb1 Rf2) 40. Kg3 Rb5 $2 {[%emt 0:02:35] [#]} (40... hxg4 41. fxg4 Rc3+ 42. Kf2 Rc2+ 43. Kf3 Rc3+ 44. Kg2 Rc2+ 45. Kg3 Rc3+ 46. Kf2 Rc5) 41. f5 $1 hxg4 (41... Rb7 42. Qd5) 42. fxg6 fxg6 43. fxg4 Rb7 44. Qd5+ Rf7 45. h5 gxh5 46. gxh5 (46. g5 {Intending g6 and mate.} Kg7 47. Kh4) 46... Kg7 {[%emt 0:00:00] [#]} 47. h6+ $2 Kg6 $14 {[%emt 0:00:00] [#] White is slightly better.} 48. h7 $1 {[%emt 0:03:55][%mdl 64] Decoy} Rxh7 49. Qg8+ Bg7 50. Qe8+ Kf6 51. Qd8+ Kf7 {[%emt 0:00:00] Weighted Error Value: White=0.48/Black=0.31} 1/2-1/2

[Event "Icelandic Chess-ch 2023"]
[Site "Hafnarfjordur"]
[Date "2023.05.25"]
[Round "11.3"]
[White "Hjartarson, Johann"]
[Black "Heimisson, Hilmir Freyr"]
[Result "0-1"]
[ECO "A34"]
[WhiteElo "2466"]
[BlackElo "2353"]
[Annotator "TA"]
[PlyCount "64"]
[EventDate "2023.05.13"]
[EventType "tourn"]
[EventCountry "ISL"]
[SourceTitle "playchess.com"]
[Source "ChessBase"]
[SourceQuality "1"]
[TimeControl "40/5400+30:1800+30"]

1. c4 c5 2. Nf3 Nc6 3. Nc3 e5 4. e3 Nf6 5. d4 e4 6. Ne5 {[%emt 0:00:28] A34: Symmetrical English: 2 Nc3, lines with ...d5.} g6 7. Be2 {[%emt 0:02:27] 7.g4 injects fresh life into this line.} Bg7 8. O-O {[%emt 0:01:01] The position is equal.} O-O 9. Rb1 Qe7 10. Nxc6 dxc6 11. b3 cxd4 12. exd4 {[%emt 0:00:19] [#]} Bf5 $146 ({Predecessor:} 12... Rd8 13. Be3 h5 14. Qc2 Bf5 15. Rfd1 Rac8 16. Qc1 Bg4 17. h3 Bxe2 18. Nxe2 Ne8 {0-1 Shinkevich,V (2439)-Gabrielian,A (2499) Wch Blitz St Petersburg 2018 (13)}) 13. Be3 Rad8 14. Qd2 Ng4 15. Bxg4 Bxg4 16. Rfe1 f5 17. h3 Bh5 18. Rbc1 $2 {[%emt 0:22:09] [#]} (18. Bg5 $11 {and White has nothing to worry.} Bf6 19. Bxf6 Qxf6 20. d5) 18... f4 $1 $19 {[%emt 0:14:55][%mdl 576] Deflection} 19. Bxf4 Rxd4 20. Qe3 {[%emt 0:00:06][%cal Rc3e4] [#]} Qf7 $1 $36 {[%emt 0:00:18][%mdl 2048] Keeping White busy.} 21. g4 g5 (21... Qxf4 22. Qxf4 Rxf4 23. Ne2 Bxg4 24. Nxf4 $11) (21... Bxg4 $19 22. hxg4 Qxf4 23. Qxf4 Rxf4) 22. Bg3 $2 {[%emt 0:02:13][%mdl 8192] [#]} (22. Bxg5 $2 Rd3 $19) (22. Bd6 $17 Rxd6 23. Nxe4) 22... Rd3 $1 23. Qc5 (23. Qxg5 Rxg3+ 24. fxg3 Qf2+ 25. Kh1 Qxg3 $19) (23. Qe2 Bxc3 24. Rxc3 Rxc3 25. gxh5) 23... Bg6 {[%emt 0:01:41] Black is clearly winning.} ({And not} 23... Rxc3 24. gxh5 Rxc1 25. Rxc1 $15) 24. Ne2 {[%emt 0:06:06] [#]} e3 $1 {[%emt 0:01:31][%mdl 512] And now ...Qf3 would win.} 25. f4 gxf4 26. Bxf4 Rd2 27. Qxe3 Rd3 {[%emt 0:00:15][%cal Bd2d3,Bd3h3,Bh3h4][%mdl 96] Deflection} 28. Qf2 Rxh3 {[%emt 0:01:59] ...Be4 is the strong threat.} 29. Qg2 {[%emt 0:00:14] Wards off Be4} Rh4 {[%emt 0:02:22] aiming for ...Qe6.} 30. Bg5 {[%emt 0:00:55] [#]} (30. Qg3 $142 Bd4+ {[%mdl 64] Decoy} 31. Nxd4 Qxf4 32. Qxf4 (32. Qxh4 $2 {loses.} Qxd4+ 33. Kh2 Rf2+ 34. Kh3 Qd3+ 35. Qg3 Rf3 $19) 32... Rxf4 33. Nxc6 bxc6 34. Rf1 Rfxg4+ 35. Kf2) 30... Be4 $1 {[%emt 0:02:20][%mdl 576] ( -> ...Qf2+). Deflection. A strong pair of Bishops.} 31. Rf1 {[%emt 0:00:24] Dodges Qf2+} Qe6 ({Worse is} 31... Bxg2 32. Rxf7 Rxf7 33. Bxh4 $17) 32. Rxf8+ Bxf8 {[%emt 0:00:06] Artfully played by Heimisson.   Weighted Error Value: White=0.67/Black=0.12 (very precise)} 0-1

[Event "Icelandic Chess-ch 2023"]
[Site "Hafnarfjordur"]
[Date "2023.05.25"]
[Round "11.4"]
[White "Ragnarsson, Dagur"]
[Black "Ingvason, Johann"]
[Result "1-0"]
[ECO "D45"]
[WhiteElo "2346"]
[BlackElo "2076"]
[Annotator "TA"]
[PlyCount "143"]
[EventDate "2023.05.13"]
[EventType "tourn"]
[EventCountry "ISL"]
[SourceTitle "playchess.com"]
[Source "ChessBase"]
[SourceQuality "1"]
[TimeControl "40/5400+30:1800+30"]

1. c4 Nf6 2. Nf3 c6 3. d4 d5 4. Nc3 e6 5. e3 Nbd7 6. Qc2 Bd6 7. Be2 O-O 8. O-O b6 9. e4 dxe4 10. Nxe4 Nxe4 11. Qxe4 Bb7 12. Bg5 {[%emt 0:05:00] D45: Semi-Slav: 5 e3.} Be7 {[%emt 0:25:42] [#]} 13. Bd3 $1 g6 14. Bh6 {[%emt 0:01:06] The position is equal.} (14. Bxe7 {simplifies} Qxe7 15. Rad1 Rab8 16. Qe2) 14... Re8 15. Rad1 {[%emt 0:01:20] [#]} (15. Rae1 {is interesting.} Qc7 16. Ng5 Bf6 17. Re2) 15... Bf8 $146 (15... Qc7 $11) ({Predecessor:} 15... Qc7 16. Ne5 Nxe5 17. dxe5 c5 18. Qe3 Rad8 19. Be4 Ba6 20. Bd3 Rd4 21. b3 Red8 {½-½ Ramirez,C (2273)-Hernandez Fernandez,N (1902) Pan American-ch Seniors 50 2017 (1)}) 16. Bxf8 $14 Rxf8 17. Qf4 Rc8 {[%emt 0:01:49] [#]} 18. c5 $1 Qf6 (18... a5 19. Qh6) 19. Qe3 Rfd8 20. b4 a5 21. a3 axb4 22. axb4 Ra8 23. Be4 Qe7 24. Nd2 {[%emt 0:03:10] White is more active.} (24. Ra1 $16) 24... Nf6 $11 25. Bf3 Nd5 (25... bxc5 $11 26. dxc5 Ba6) 26. Qb3 (26. Bxd5 $16 cxd5 27. Rb1 (27. cxb6 Ba6 $15)) 26... Ba6 27. Rfe1 Bb5 {[%emt 0:01:07] aiming for ...Ba4.} 28. Ra1 {[%emt 0:01:06] Prevents Ba4.} (28. Bxd5 $11 cxd5 29. Ra1) 28... Rxa1 $15 29. Rxa1 bxc5 (29... Qf6 $5 30. Rd1 Qxd4 $15) 30. bxc5 {[%emt 0:00:31] [#]} (30. dxc5 $15 Qf6 31. Re1) 30... Qf6 $1 $17 31. Ne4 Qxd4 32. Rd1 {[%emt 0:00:04] [#]} Qg7 (32... Ba4 $1 $17 33. Rxd4 Bxb3) 33. Nd6 $11 Nc3 34. Rc1 $36 {[%emt 0:00:45][%mdl 2048] White has the initiative.} Ne2+ 35. Bxe2 Bxe2 36. Qb6 Ra8 {[%emt 0:01:52] Black is on the road to losing.} (36... Rf8 $11) 37. Qxc6 $18 Qa1 38. Qe8+ $1 Rxe8 39. Rxa1 {[%emt 0:00:13][%mdl 4096] Endgame KRB-KRN} Re7 (39... Rd8 $142 40. f4 Bd3) 40. c6 h5 41. Ra8+ Kh7 42. Ne8 g5 43. c7 Ba6 44. c8=Q ({Weaker is} 44. Rxa6 Rxe8 45. Rc6 Rc8 $14) ({But not} 44. c8=R Bxc8 45. Rxc8 Kg6 $18) 44... Bxc8 45. Rxc8 {[%emt 0:00:00] KRN-KR} Kg6 46. g3 Rd7 47. Kg2 Rd2 48. Rc6 Rd5 49. Nd6 Rd4 50. Nc4 Rd5 51. h3 Kf6 52. Ne3 Ra5 53. Rc7 Rb5 54. Kf3 Ra5 55. Nc4 Rd5 56. Ke2 {[%emt 0:00:00] f4 is the strong threat.} Rd4 (56... Kg6 {keeps fighting.} 57. f3 f6) 57. Nd2 Ra4 58. Rc4 Ra5 59. h4 gxh4 60. Rxh4 Kg6 61. Nf3 Ra2+ 62. Kf1 Ra5 63. Kg2 Rb5 64. Rc4 Ra5 65. Nh4+ Kg7 66. f4 Kf6 (66... Ra2+ $142 67. Kh3 Rb2) 67. Nf3 {[%emt 0:00:00] Black must now prevent Rc7. White is clearly winning.} Kf5 68. Kh3 Ra1 69. Rc5+ Ke4 70. Ng5+ Kd4 71. Rc7 h4 72. Kxh4 {[%emt 0:00:00] Weighted Error Value: White=0.17 (very precise) /Black=0.27 (precise)} 1-0